 Dungeon Crawl Stone Soup version 0.20.0-15-g7f486f2 (webtiles) character file.

2765 pib the Grappler (level 9, -4/79 HPs)
             Began as a Ghoul Monk on June 26, 2017.
             Was an Elder of Okawaru.
             Slain by a killer bee (6 damage)
             ... on level 8 of the Dungeon.
             The game lasted 00:15:45 (7662 turns).

pib the Grappler (Ghoul Monk)                       Turns: 7662, Time: 00:15:47

Health: -4/79      AC: 17    Str: 16    XL:     9   Next: 69%
Magic:  8/9        EV:  6    Int:  5    God:    Okawaru [****..]
Gold:   350        SH:  4    Dex: 13    Spells: 8/8 levels left

rFire    . . .     SeeInvis .     - Unarmed
rCold    + + .     Gourm    .   G - +0 buckler
rNeg     + + +     Faith    .   A - +1 plate armour {rC+}
rPois    ∞         Spirit   .   f - +0 helmet
rElec    .         Reflect  .   (no cloak)
rCorr    .         Harm     .   c - +0 pair of gloves
MR       .....                  H - +0 pair of boots
Stlth    ..........             (no amulet)
Regen    0.0/turn               n - +1 ring of protection
MPRegen  0.2/turn               (no ring)

@: very slightly contaminated, rotting
A: rotting body, claws 1, carnivore 3, cold resistance 1, negative energy
resistance 3, inhibited regeneration, torment resistance, unbreathing
a: Heroism, Renounce Religion


You were on level 8 of the Dungeon.
You worshipped Okawaru.
Okawaru was greatly pleased with you.
You were not hungry.

You visited 1 branch of the dungeon, and saw 8 of its levels.

You collected 350 gold pieces.

Inventory:

Hand Weapons
 a - a +1 hunting sling
 x - a +0 shortbow
Missiles
 l - 206 stones
 u - 4 tomahawks of returning
 v - 3 tomahawks of dispersal (quivered)
 y - 115 arrows
 D - 6 curare-tipped needles
Armour
 c - a +0 pair of gloves (worn)
 f - a +0 helmet (worn)
 g - a +0 leather armour
 m - a +0 robe
 r - a +0 scale mail
 A - a +1 plate armour of cold resistance (worn)
 G - a +0 buckler (worn)
 H - a +0 pair of boots (worn)
Jewellery
 n - a +1 ring of protection (left hand)
Wands
 t - a wand of enslavement (24/24)
 E - a wand of polymorph (6/24)
Scrolls
 e - 7 scrolls of identify
 h - 2 scrolls of recharging
 j - a scroll of enchant weapon
 q - 2 scrolls of blinking
 B - a scroll of amnesia {unknown}
 C - a scroll of immolation {unknown}
 J - a scroll of remove curse {unknown}
 K - a scroll of teleportation
Potions
 i - a potion of berserk rage {unknown}
 k - 6 potions of curing
 p - a potion of resistance {unknown}
 s - a potion of might {unknown}
 w - a potion of lignification {unknown}
 z - a potion of degeneration {unknown}
 F - a potion of cancellation {unknown}
Comestibles
 b - 5 meat rations
 o - 4 royal jellies
 I - 4 chunks of flesh


   Skills:
 + Level 7.1 Fighting
 - Level 4.6 Armour
 - Level 5.4 Dodging
 - Level 2.1 Stealth
 + Level 1.5 Shields
 * Level 9.7 Unarmed Combat
 + Level 2.1 Invocations


You had 8 spell levels left.
You didn't know any spells.

Dungeon Overview and Level Annotations

Branches:
Dungeon (8/15)             Temple (0/1) D:7
   Lair: D:8-11

Altars:
Gozag
Kikubaaqudgha
Okawaru
Qazlal
Uskayaw
Xom

Shops:
D:4 %


Innate Abilities, Weirdness & Mutations

Your body is rotting away.
You thrive on raw meat.
You are immune to poison.
You have sharp fingernails.
You are carnivorous and can eat meat at any time.
Your flesh is cold resistant. (rC+)
You are immune to negative energy. (rN+++)
You do not regenerate when monsters are visible.
You are immune to unholy pain and torment.
You can survive without breathing.


Message History

Blink to where?
Press: ? - help, Dir - move target cursor You are very lightly contaminated with residual magic.
As you read the scroll of blinking, it crumbles to dust.
The killer bee rages.
The killer bee rages.
The killer bee stings you.
* * * LOW HITPOINT WARNING * * *
The killer bee closely misses you. The killer bee barely misses you.
You hear an angry buzzing noise. x2
The killer bee completely misses you. You block the killer bee's attack.
The killer bee barely misses you. The killer bee closely misses you.
You feel like a meek peon again.
The killer bee stings you but does no damage.
The killer bee stings you.
* * * LOW HITPOINT WARNING * * *
The killer bee stings you.
* * * LOW HITPOINT WARNING * * *
The killer bee stings you.
You die...

....... ...#####.#.........#
........ .........#.#.#....##
........ .#.#............#.##
#####.######...#####.#.#.....#
# ...#...# #.#....#..#
##.#.##.#...#####.####.#..#
.........................>#
#.#.##.#...<..........#.##
#.##.#####@##########.#
#........yy....... ..#
####'####.y.###### ###
#..........# #..........#
#..........# #........Z.#
#............#
.............###


You could see 3 killer bees and an adder skeleton.

Vanquished Creatures
  A queen bee (D:8)
  An orc warrior (D:7)
  An ice beast (D:6)
  A black bear (D:7)
  A phantom (D:4)
  3 ogres
  2 necrophages
  2 centaurs (D:6)
  3 bullfrogs (D:6)
  2 scorpions (D:7)
  5 wights (D:6)
  2 centaur zombies
  A howler monkey (D:5)
  3 crimson imps
  A bullfrog zombie (D:5)
  6 hounds
  A jelly (D:8)
  An orc wizard (D:6)
  4 orc priests
  An iguana (D:4)
  Natasha (twice) (D:2)
  10 worker ants
  2 hound skeletons
  A howler monkey skeleton (D:7)
  7 adders
  A shadow imp (D:7)
  An ooze (D:4)
  An adder zombie (D:6)
  2 adder skeletons
  5 worms
  2 dart slugs
  A leopard gecko (D:5)
  27 orcs
  5 giant cockroaches
  3 goblins
  5 hobgoblins
  4 quokkas
  8 bats
  5 frilled lizards
  7 kobolds
  8 rats
149 creatures vanquished.

Notes
Turn   | Place    | Note
-------+----------+-------------------------------------------
     0 | D:1      | pib the Ghoul Monk began the quest for the Orb.
     0 | D:1      | Reached XP level 1. HP: 19/19 MP: 0/0
   241 | D:1      | Reached XP level 2. HP: 25/26 MP: 1/1
   684 | D:2      | Noticed Natasha
   689 | D:2      | Noticed a crimson imp
   700 | D:2      | Killed Natasha
   700 | D:2      | Reached skill level 4 in Unarmed Combat
   700 | D:2      | Reached XP level 3. HP: 8/33 MP: 2/2
  1045 | D:2      | Found a stormy altar of Qazlal.
  1276 | D:2      | Reached XP level 4. HP: 37/40 MP: 3/3
  1311 | D:2      | Reached skill level 1 in Armour
  1342 | D:2      | Noticed Natasha
  1351 | D:2      | Killed Natasha
  1990 | D:3      | Reached XP level 5. HP: 37/46 MP: 4/4
  2015 | D:3      | Found an iron altar of Okawaru.
  2025 | D:3      | Became a worshipper of Warmaster Okawaru
  2025 | D:3      | Reached * piety under Okawaru
  2025 | D:3      | Reached ** piety under Okawaru
  2509 | D:4      | Found a shimmering altar of Xom.
  2608 | D:4      | Found a hide-covered altar of Uskayaw.
  2612 | D:4      | Noticed a hand axe
  2612 | D:4      | Noticed a hand axe
  2633 | D:4      | Noticed a phantom
  2673 | D:4      | Found Ruchacsoseh's Food Shop.
  2686 | D:4      | Killed a phantom
  2686 | D:4      | Reached skill level 5 in Unarmed Combat
  2686 | D:4      | Reached XP level 6. HP: 28/53 MP: 5/5
  3422 | D:4      | Found an ancient bone altar of Kikubaaqudgha.
  3712 | D:5      | Entered Level 5 of the Dungeon
  3964 | D:5      | Reached skill level 5 in Fighting
  3964 | D:5      | Reached skill level 6 in Unarmed Combat
  3964 | D:5      | Reached XP level 7. HP: 34/58 MP: 6/6
  3982 | D:5      | Reached *** piety under Okawaru
  4692 | D:6      | Reached skill level 7 in Unarmed Combat
  4692 | D:6      | Reached XP level 8. HP: 52/69 MP: 7/7
  5381 | D:6      | Reached **** piety under Okawaru
  5495 | D:6      | Reached skill level 8 in Unarmed Combat
  5564 | D:6      | Reached skill level 5 in Dodging
  5589 | D:6      | Found an opulent altar of Gozag.
  5806 | D:6      | Reached XP level 9. HP: 74/78 MP: 8/8
  6356 | D:7      | Reached skill level 9 in Unarmed Combat
  6405 | D:7      | Received a gift from Okawaru
  6554 | D:7      | Found a staircase to the Ecumenical Temple.
  6840 | D:7      | HP: 3/78 [orc warrior/mace (8)]
  7184 | D:7      | Reached skill level 1 in Invocations
  7566 | D:8      | Reached skill level 1 in Shields
  7642 | D:8      | Noticed a queen bee
  7653 | D:8      | Killed a queen bee
  7662 | D:8      | HP: 2/79 [killer bee (6)]
  7662 | D:8      | Slain by a killer bee

Skill      XL: |  1  2  3  4  5  6  7  8  9 |
---------------+----------------------------+-----
Dodging        | 3 4 5 |  5.4
Unarmed Combat | 4 5 6 7 8 9 |  9.7
Armour         | 1 2 3 4 |  4.6
Fighting       | 4 5 6 7 |  7.1
Invocations    | 2 |  2.1
Shields        | 1 |  1.5
Stealth        | |  2.1

Action                   |  1- 3 |  4- 6 |  7- 9 || total
-------------------------+-------+-------+-------++-------
Melee: Unarmed           |   102 |   158 |   434 ||   694
       Punch             |     2 |     7 |     6 ||    15
Throw: Tomahawk          |       |       |     1 ||     1
Invok: Heroism           |       |     1 |     3 ||     4
  Use: Scroll            |       |     7 |     5 ||    12
       Potion            |       |       |     2 ||     2
 Stab: Sleeping          |     1 |     3 |       ||     4
  Eat: Chunk             |     4 |    11 |    17 ||    32
Armor: Robe              |     4 |       |       ||     4
       Leather armour    |    17 |    23 |       ||    40
       Scale mail        |       |     4 |   125 ||   129
       Plate armour      |       |       |    43 ||    43
Dodge: Dodged            |    65 |    83 |   212 ||   360
Block: Buckler           |       |       |    33 ||    33
